 Dungeon Crawl Stone Soup version 0.28-a0-691-gad6df49e81 (webtiles) character file.

Game seed: 15989363219190810376

22 rogsnak the Digger (level 2, 0/20 HPs)
             Began as a Barachi Earth Elementalist on Oct 22, 2021.
             Slain by a quokka (2 damage)
             ... on level 2 of the Dungeon.
             The game lasted 00:01:43 (2004 turns).

rogsnak the Digger (Barachi Earth Elementalist)     Turns: 2004, Time: 00:01:43

Health: 0/20       AC:  2    Str:  9    XL:     2   Next: 91%
Magic:  5/5        EV: 12    Int: 15    God:
Gold:   33         SH:  0    Dex: 12    Spells: 5/6 levels left

rFire   . . .      SeeInvis .   d - +0 mace
rCold   . . .      Faith    .   (no shield)
rNeg    . . .      Spirit   .   b - +0 robe
rPois   .          Reflect  .   (no helmet)
rElec   .          Harm     .   (no cloak)
rCorr   .          Rampage  .   (no gloves)
Will    .....                   (no boots)
Stlth   ++........              (no amulet)
HPRegen 0.06/turn               (no ring)
MPRegen 0.09/turn               (no ring)

@: slow
A: amphibious, slowness 1, strong legs 1, +LOS
a: Hop


You were on level 2 of the Dungeon.
You visited 1 branch of the dungeon, and saw 2 of its levels.

You collected 33 gold pieces.

Inventory:

Hand Weapons
 d - a +0 mace (weapon)
Missiles
 c - 23 stones
Armour
 b - a +0 robe (worn)
Scrolls
 a - a scroll of identify {unknown}
 e - a scroll of fog {unknown}
 f - a scroll of silence {unknown}
 g - a scroll of teleportation {unknown}
 h - a scroll of summoning {unknown}
Potions
 i - a potion of lignification {unknown}


   Skills:
 + Level 0.6 Fighting
 + Level 2.6 Dodging
 - Level 2.0 Stealth
 + Level 2.5 Spellcasting
 - Level 1.1 Transmutations
 + Level 3.3 Earth Magic


You had 5 spell levels left.
You knew the following spells:

 Your Spells              Type           Power      Damage    Failure   Level
a - Sandblast             Erth           22%        2d7       5%          1

Your spell library contained the following spells:

 Spells                   Type           Power      Damage    Failure   Level
 Passwall                 Tmut/Erth      6%         N/A       13%         2
 Stone Arrow              Conj/Erth      12%        3d7       32%         3
 Petrify                  Tmut/Erth      8%         N/A       63%         4
 Fireball                 Conj/Fire      0%         3d3       99%         5
 Starburst                Conj/Fire      0%         6d3       100%        6
 Ignition                 Fire           0%         3d3       100%        8


Dungeon Overview and Level Annotations

Branches:
Dungeon (2/15)

Altars:

Shops:
D:2 [


Innate Abilities, Weirdness & Mutations

You are amphibious.
You cover ground slowly.
You can hop short distances.
You have an extended range of vision and can be seen from far away.


Message History

You hit the goblin.
You kill the goblin!
You sock the ball python!
You kill the ball python!
No target in view!
No target in view!
Found an escape hatch in the ceiling.
Found Foon's Antique Armour Shop.
No target in view!
No target in view!
A rat and a quokka come into view.
A rat comes into view.
The rat barely misses you.
You sock the rat!
You kill the rat!
The quokka bites you but does no damage.
You hit the quokka but do no damage.
The rat twitches its whiskers.
The quokka bites you. The quokka barely misses you.
You barely miss the quokka. The quokka bites you.
You hit the quokka.
The quokka is heavily wounded.
The quokka barely misses you. The quokka closely misses you.
You hit the quokka.
The quokka is severely wounded.
The quokka misses you. The quokka bites you.
You miss the quokka.
The quokka is severely wounded.
The quokka bites you.
* * * LOW HITPOINT WARNING * * *
You hit the quokka but do no damage.
The quokka is severely wounded.
The quokka bites you.
* * * LOW HITPOINT WARNING * * *
The quokka twitches its whiskers.
The quokka bites you but does no damage.
You closely miss the quokka.
The quokka is heavily wounded.
The quokka bites you.
You die...

.# ..# . ## ... . . ...
######## .#.# .......## .#.##
######..# ...#
##.###########..#####
#.........@rr......####
#######.###########..##......
........)....................
.........#########.r.........
########........##...........
................##...##.8....
########........##.... ......
#.#......##.... ∩<8.#
#.#......##...## .+.#


You could see a quokka and a rat.

Vanquished Creatures
  2 bats (D:1)
  3 endoplasms (D:1)
  A giant cockroach (D:1)
  2 goblins
  2 hobgoblins (D:1)
  7 ball pythons
  2 kobolds (D:1)
  3 rats
22 creatures vanquished.

Notes
Turn   | Place    | Note
-------+----------+-------------------------------------------
     0 | D:1      | rogsnak the Barachi Earth Elementalist began the quest for
                  | the Orb.
     0 | D:1      | Reached XP level 1. HP: 13/13 MP: 3/3
   877 | D:1      | Reached XP level 2. HP: 16/19 MP: 3/5
  1651 | D:1      | Found a faded altar of an unknown god.
  1988 | D:2      | Found Foon's Antique Armour Shop.
  2003 | D:2      | HP: 1/20 [quokka (3)]
  2004 | D:2      | Slain by a quokka

Illustrated notes

Levels and vault maps discovered:
D:1:      saegor_arrival_simple_c, layout_rooms,
          shapermc_ecumenical_altar_totnotflames
D:2:      layout_basic, serial_shops, nicolae_shop_statue_plus, basic_altar,
          uniq_sigmund, uniq_natasha

Skill      XL: |  1  2 |
---------------+-------+-----
Stealth        | 2 |  2.0
Fighting       | |  0.6
Dodging        | |  2.6
Spellcasting   | |  2.5
Transmutations | |  1.1
Earth Magic    | |  3.3

Action                   || total
-------------------------++-------
Melee: Unarmed           ||    19
       Mace              ||    59
 Cast: Sandblast         ||     8
 Stab: Sleeping          ||     2
Armor: Robe              ||    21
Dodge: Dodged            ||    79

Table legend: (Time is in decaauts)
 A = Elapsed time spent in this place.
 B = Non-inter-level travel time spent in this place.
 C = Inter-level travel time spent in this place.
 D = Time resting spent in this place.
 E = Time spent auto-exploring this place.
 F = Levels seen in this place.
 G = Mean time per level.
                   A        B        C        D        E       F      G
               +--------+--------+--------+--------+--------+-----+--------+
         Total |   2134 |   2087 |     47 |    408 |   1383 |   2 | 1067.0 |
       Dungeon |   2134 |   2087 |     47 |    408 |   1383 |   2 | 1067.0 |
               +--------+--------+--------+--------+--------+-----+--------+

Top non-repeatable levels by time:
     D:1: 1954 daAuts
     D:2: 180 daAuts
